 Dungeon Crawl Stone Soup version 0.29.1-1-gd02db6906a (webtiles) character file.

Game seed: 10085861777081306783

100 nshep25 the Conjurer (level 4, -2/30 HPs)
             Began as a Demonspawn Conjurer on Oct 12, 2022.
             Slain by a hound (4 damage)
             ... on level 4 of the Dungeon.
             The game lasted 00:07:50 (2893 turns).

nshep25 the Conjurer (Demonspawn Conjurer)          Turns: 2893, Time: 00:07:51

Health: -2/30      AC:  2    Str:  7    XL:     4   Next: 46%
Magic:  0/8        EV: 16    Int: 22    God:
Gold:   124        SH:  0    Dex: 11    Spells: 5/8 levels left

rFire   . . .      SeeInvis .   i - staff of poison
rCold   . . .      Faith    .   (no shield)
rNeg    . . .      Spirit   .   a - +0 robe
rPois   +          Reflect  .   (no helmet)
rElec   .          Harm     .   (no cloak)
rCorr   .          Rampage  .   (no gloves)
Will    .....                   (no boots)
Stlth   ++........              (no amulet)
HPRegen 0.10/turn               d - +4 ring of evasion
MPRegen 0.11/turn               (no ring)

@: no status effects
A: demonic magic 1, demonic touch 2
a: no special abilities


You were on level 4 of the Dungeon.
You visited 1 branch of the dungeon, and saw 4 of its levels.

You collected 124 gold pieces.

Inventory:

Armour
 a - a +0 robe (worn)
 j - the +3 leather armour of Theory {Drain +Inv rC+}
   (You found it on level 3 of the Dungeon)

   rC:        It protects you from cold.
   +Inv:      It lets you turn invisible.
   Drain:     It drains your maximum health when unequipped.
Magical Staves
 i - a staff of poison (weapon)
Jewellery
 d - a +4 ring of evasion (left hand)
Scrolls
 c - a scroll of identify {unknown}
 e - a scroll of vulnerability {unknown}
 f - a scroll of noise {unknown}
 k - a scroll of poison {unknown}
 l - a scroll of amnesia {unknown}
Potions
 b - 2 potions of magic
 g - 2 potions of curing {unknown}
 h - a potion of mutation {unknown}


   Skills:
 + Level 1.9 Dodging
 + Level 2.1 Stealth
 + Level 0.1 Unarmed Combat
 + Level 2.8 Spellcasting
 + Level 5.2 Conjurations


You had 5 spell levels left.
You knew the following spells:

 Your Spells              Type           Power      Damage    Failure   Level
a - Magic Dart            Conj           100%       1d8       1%          1
b - Searing Ray           Conj           52%        2d6       2%          2

Your spell library contained the following spells:

 Spells                   Type           Power      Damage    Failure   Level
 Dazzling Flash           Conj/Hex       28%        N/A       13%         3
 Fulminant Prism          Conj/Hex       7%         3d7       38%         4
 Iskenderun's Mystic Bla  Conj/Tloc      14%        2d5       38%         4
 Dispersal                Tloc           1%         N/A       100%        6
 Disjunction              Tloc           1%         N/A       100%        8


Dungeon Overview and Level Annotations

Branches:
Dungeon (4/15)
 Temple: D:4-7

Altars:
Cheibriados

Annotations:
D:3 3 runed translucent doors, turdburglar's ghost, weakling DrTm


Innate Abilities, Weirdness & Mutations

Spells you cast may paralyse adjacent enemies.
Your touch may inflict irresistible damage on your foes.


Message History

The hound is heavily wounded.
The hound misses you. The hound closely misses you.
You miss the hound. Your touch misses the hound.
The hound is heavily wounded.
The hound bites you. The hound barely misses you.
You closely miss the hound.
The hound is heavily wounded.
The hound misses you. The hound closely misses you.
You closely miss the hound.
The hound is heavily wounded.
The hound misses you. The hound bites you but does no damage.
You hit the hound.
The hound is severely wounded.
The hound bites you.
* * * LOW HITPOINT WARNING * * *
You barely miss the hound.
The hound is severely wounded.
The hound misses you. The hound closely misses you.
Casting: Magic Dart (safe; 1% risk of failure)
Confirm with . or Enter, or press ? or * to list all spells.
Aiming: Magic Dart (safe; 1% risk of failure)
Press: ? - help, Shift-Dir - straight line, f/p - hound
Aim: a hound (severely wounded, 100% to hit)
The magic dart hits the hound.
The hound is almost dead.
Malevolent energies surge around you. The hound bites you.
* * * LOW HITPOINT WARNING * * *
The hound bites you.
* * * LOW HITPOINT WARNING * * *
You hit the hound but do no damage.
The hound is almost dead.
The hound completely misses you. The hound barely misses you.
You barely miss the hound.
The hound is almost dead.
You hear the slow hiss of a distant avalanche of sand.
The hound bites you but does no damage.
You hit the hound but do no damage.
The hound is almost dead.
The hound bites you.
You die...

#.......####hSS⌠..!###
#.#####....###...###..
#.## ####..)##.##...#
##..# ###..#.#..##
.##.# ##.#.#.## ....##
.....# ##...# #...#
##..# #h?.# ##.# #.@.#
#.###########.##
#>..........#.#
###########.#.# #.#.#
#.#.# #...# #.### #..


You could see a hound.

Vanquished Creatures
  An iguana (D:4)
  3 adders
  2 worms (D:2)
  A dart slug (D:2)
  4 endoplasms (D:1)
  A giant cockroach (D:1)
  3 goblins
  4 hobgoblins
  4 jackals (D:1)
  6 ball pythons
  4 bats
  4 kobolds
  3 rats
40 creatures vanquished.

Notes
Turn   | Place    | Note
-------+----------+-------------------------------------------
     0 | D:1      | nshep25 the Demonspawn Conjurer began the quest for the
                  | Orb.
     0 | D:1      | Reached XP level 1. HP: 13/13 MP: 3/3
   305 | D:1      | Gained mutation: Your touch may inflict minor irresistible
                  | damage on your foes. [demonic ancestry]
   305 | D:1      | Reached XP level 2. HP: 19/19 MP: 3/5
   635 | D:1      | Found a faded altar of an unknown god.
  1115 | D:2      | Gained mutation: Spells you cast may paralyse adjacent
                  | enemies. [demonic ancestry]
  1115 | D:2      | Reached XP level 3. HP: 16/24 MP: 1/6
  1442 | D:2      | Reached skill level 5 in Conjurations
  2106 | D:3      | Found a runed translucent gate.
  2107 | D:3      | Found a runed translucent gate.
  2107 | D:3      | Noticed turdburglar's ghost (weakling DrTm)
  2108 | D:3      | Found a runed translucent gate.
  2110 | D:3      | Identified the +9 short sword "Imp's Undoing" {freeze, rC+
                  | rCorr Str-3}
  2131 | D:3      | Learned a level 2 spell: Searing Ray
  2313 | D:3      | Identified the +3 leather armour of Theory {Drain +Inv rC+}
  2519 | D:3      | Found a snail-covered altar of Cheibriados.
  2800 | D:4      | Gained mutation: Your touch may inflict irresistible damage
                  | on your foes. [demonic ancestry]
  2800 | D:4      | Reached XP level 4. HP: 14/30 MP: 1/7
  2890 | D:4      | HP: 1/30 [hound (3)]
  2893 | D:4      | Slain by a hound

Illustrated notes

Levels and vault maps discovered:
D:1:      mrwooster_arrival_statue_3, layout_basic,
          shapermc_ecumenical_altar_ellora
D:2:      layout_loops_ring, grunt_ministairs_3, serial_bayou_ford_a
D:3:      layout_basic, cheibriados_altar_1, biasface_ghost_orc_armoury
D:4:      minmay_general_purpose_star, layout_basic, general_overflow_altar,
          enter_ossuary_1

Skill      XL: |  1  2  3 |
---------------+----------+-----
Conjurations   | 5 |  5.2
Stealth        | 2 |  2.1
Dodging        | |  1.9
Unarmed Combat | |  0.1
Spellcasting   | |  2.8

Action                   |  1- 3 |  4- 6 || total
-------------------------+-------+-------++-------
Melee: Unarmed           |     6 |       ||     6
       Touch             |     5 |       ||     5
       Staff             |     4 |    13 ||    17
 Cast: Magic Dart        |    85 |    10 ||    95
 Stab: Paralysed         |     5 |     1 ||     6
Armor: Robe              |     3 |     3 ||     6
Dodge: Dodged            |     8 |    15 ||    23
